 Dungeon Crawl Stone Soup version 0.31-a0-214-gb37851dbb3 (webtiles) character file.

Game seed: 8232915493166043030

2562 nono the Fighter (level 9, 0/97 HPs)
             Began as an Ogre Fighter on July 1, 2023.
             Was a Follower of Trog.
             Slain by a hornet (13 damage)
             ... on level 7 of the Dungeon.
             The game lasted 00:16:52 (6771 turns).

nono the Fighter (Ogre Fighter)                     Turns: 6771, Time: 00:16:53

Health: 0/97       AC:  4    Str: 32    XL:     9   Next: 56%
Magic:  9/9        EV: 10    Int:  9    God:    Trog [*.....]
Gold:   294        SH:  9    Dex:  8    Spells: 8/8 levels left

rFire   . . .        y - +3 flail (protect)
rCold   . . .        c - +0 kite shield
rNeg    . . .        b - +0 robe
rPois   .            (helmet restricted)
rElec   .            E - +0 cloak
rCorr   .            (gloves unavailable)
SInv    .            (boots unavailable)
Will    .....        (no amulet)
Stlth   +            d - +6 ring of strength
HPRegen 0.36/turn    (no ring)
MPRegen 0.11/turn

%: no passive effects
@: slowed, invisible, very slow
A: large, unfitting armour, tough skin 1
a: Renounce Religion, Berserk


You were on level 7 of the Dungeon.
You worshipped Trog.
Trog was aware of your devotion.
You visited 2 branches of the dungeon, and saw 8 of its levels.

You collected 294 gold pieces.

Inventory:

Hand Weapons
 g - a +0 morningstar
 o - a +0 giant club
 y - a +3 flail of protection (weapon)
Missiles
 l - 20 poisoned darts
 n - 7 boomerangs (quivered)
 x - 3 datura-tipped darts
Armour
 b - a +0 robe (worn)
 c - a +0 kite shield (worn)
 E - a +0 cloak (worn)
Jewellery
 d - a +6 ring of strength (left hand)
 A - a ring of protection from cold
Wands
 h - a wand of flame (30)
 D - a wand of roots (12)
Scrolls
 a - a scroll of fear {unknown}
 e - a scroll of brand weapon {unknown}
 f - 8 scrolls of amnesia
 k - 2 scrolls of immolation {unknown}
 p - a scroll of poison {unknown}
 q - a scroll of identify
 s - a scroll of enchant weapon
 u - a scroll of blinking {unknown}
 v - a scroll of noise {unknown}
 C - a scroll of silence {unknown}
Potions
 i - a potion of degeneration
 j - a potion of haste
 m - a potion of curing
 r - a potion of brilliance
 w - a potion of cancellation {unknown}
 z - 2 potions of attraction
 B - a potion of enlightenment {unknown}


   Skills:
 + Level 8.5 Fighting
 + Level 5.4 Maces & Flails
 + Level 5.3 Throwing
 + Level 5.8 Dodging
 + Level 6.4 Shields


You had 8 spell levels left.
You didn't know any spells.
Your spell library contained the following spells:

 Spells                   Type           Power      Damage    Failure   Level
 Blink                    Tloc           0%         N/A       71%         2
 Lesser Beckoning         Tloc           0%         N/A       71%         2
 Momentum Strike          Conj/Tloc      0%         3d8       71%         2
 Call Canine Familiar     Summ           0%         N/A       90%         3
 Gell's Gravitas          Tloc           0%         N/A       90%         3
 Portal Projectile        Hex/Tloc       0%         N/A       90%         3
 Teleport Other           Tloc           0%         N/A       90%         3
 Leda's Liquefaction      Hex/Erth       0%         N/A       100%        4
 Storm Form               Tmut/Air       0%         N/A       100%        7
 Maxwell's Capacitive Co  Air            0%         ∞         100%        8


Dungeon Overview and Level Annotations

Branches:
Dungeon (7/15)             Temple (1/1) D:5

Altars:
Ashenzari
Cheibriados
Dithmenos
Elyvilon
Gozag
Hepliaklqana
Kikubaaqudgha
Makhleb
Nemelex Xobeh
Okawaru
Qazlal
Ru
Sif Muna
Trog
Uskayaw
Vehumet
Wu Jian
Xom
Yredelemnul

Annotations:
D:6 2 transporters, Vorhees's ghost, novice DjVM


Innate Abilities, Weirdness & Mutations

You are too large for most types of armour.
You have tough skin. (AC +1)


Message History

The killer bee is severely wounded.
The killer bee stings you. x2; The killer bee closely misses you.
You hit the killer bee.
The killer bee is almost dead.
The killer bee closely misses you. x2
You closely miss the killer bee.
The killer bee is almost dead.
The killer bee misses you. You block the killer bee's attack.
You thump the killer bee!
You kill the killer bee!
Trog accepts your kill.
You can now go berserk at will.
You block the hornet's attack.
You hit the hornet but do no damage. You block the hornet's attack. x2
You miss the hornet. The hornet closely misses you.
The hornet barely misses you.
You barely miss the hornet. The hornet closely misses you.
The hornet stings you!
You suddenly lose the ability to move!
The hornet stings you!
You feel yourself slow down. The hornet stings you!
You feel as though you will be slow longer.
The hornet stings you.
* * * LOW HITPOINT WARNING * * *
You feel as though you will be slow longer.
You can move again.
Okay, then.
You fail to use your ability.
The hornet stings you.
* * * LOW HITPOINT WARNING * * *
You feel as though you will be slow longer.
The hornet stings you.
* * * LOW HITPOINT WARNING * * *
You are poisoned.
You feel as though you will be slow longer.
You barely miss the hornet.
You feel very sick. The hornet barely misses you. The hornet stings you!
* * * LOW HITPOINT WARNING * * *
You feel as though you will be slow longer.
Unknown command.
You feel better. You block the hornet's attack. The hornet stings you!
You die...

#######
.....
... #.#
#y# #@#
#.# #..
#[##
#.. #.#
#.# #.#


You could see a hornet (unable to see you).

Vanquished Creatures
  Grinder (D:6)
  Sigmund (D:6)
  An acid dragon (D:6)
  Edmund (D:4)
  An orc warrior (D:6)
  Duvessa (D:5)
  An ogre (D:6)
  An ice beast (D:5)
  A sky beast (D:6)
  A centaur (D:5)
  Blork the orc (D:5)
  A kobold brigand (D:6)
  A bullfrog (D:6)
  4 scorpions (D:5)
  Dowan (D:5)
  2 killer bees (D:7)
  2 howler monkeys (D:5)
  An orc priest (D:5)
  2 hounds (D:6)
  Crazy Yiuf (D:5)
  2 sleepcaps
  Natasha (thrice) (D:3)
  Terence (D:2)
  3 iguanas
  7 adders
  A white imp (D:6)
  A worm (D:4)
  A dart slug (D:1)
  9 orcs
  3 endoplasms
  3 giant cockroaches
  10 goblins
  7 hobgoblins
  7 jackals (D:4)
  5 quokkas
  5 ball pythons
  13 bats
  2 frilled lizards
  5 kobolds
  8 rats
122 creatures vanquished.

Vanquished Creatures (collateral kills)
  A black bear (D:6)
  An ice beast (D:6)
  A howler monkey (D:6)
  A jelly (D:6)
  An iguana (D:6)
  3 orcs (D:6)
8 creatures vanquished.

Grand Total: 130 creatures vanquished

Notes
Turn   | Place    | Note
-------+----------+-------------------------------------------
     0 | D:1      | nono the Ogre Fighter began the quest for the Orb.
     0 | D:1      | Reached XP level 1. HP: 24/24 MP: 1/1
   143 | D:1      | Reached XP level 2. HP: 31/32 MP: 2/2
   624 | D:1      | Reached XP level 3. HP: 39/40 MP: 3/3
   913 | D:2      | Identified the +2 ring mail of Tenacity {Will- Str+6}
   990 | D:2      | HP: 1/40 [adder (2)]
   999 | D:2      | Reached XP level 4. HP: 26/49 MP: 4/4
  1137 | D:2      | Noticed Terence
  1145 | D:2      | Killed Terence
  1146 | D:2      | Reached skill level 1 in Throwing
  1273 | D:2      | Found a faded altar of an unknown god.
  1799 | D:3      | Reached XP level 5. HP: 46/55 MP: 5/5
  1868 | D:3      | Noticed Natasha
  1877 | D:3      | Killed Natasha
  1878 | D:3      | Reached skill level 5 in Fighting
  2323 | D:3      | Noticed Natasha
  2333 | D:3      | Killed Natasha
  2390 | D:3      | Noticed Natasha
  2403 | D:3      | Killed Natasha
  2587 | D:4      | Noticed Edmund
  2597 | D:4      | Killed Edmund
  2598 | D:4      | Reached XP level 6. HP: 46/66 MP: 6/6
  3440 | D:5      | Entered Level 5 of the Dungeon
  3510 | D:5      | Found a shadowy altar of Dithmenos.
  3512 | D:5      | Found a hazy altar of Hepliaklqana.
  3512 | D:5      | Found a burning altar of Makhleb.
  3513 | D:5      | Found a broken altar of Ashenzari.
  3513 | D:5      | Found an ornate altar of the Wu Jian Council.
  3513 | D:5      | Noticed Dowan
  3514 | D:5      | Found a white marble altar of Elyvilon.
  3514 | D:5      | Noticed Duvessa
  3533 | D:5      | Killed Duvessa
  3534 | D:5      | Reached XP level 7. HP: 34/74 MP: 7/7
  3542 | D:5      | Killed Dowan
  3543 | D:5      | Reached skill level 6 in Fighting
  4209 | D:5      | Reached XP level 8. HP: 77/84 MP: 8/8
  4248 | D:5      | Reached skill level 5 in Shields
  4567 | D:5      | Noticed Blork the orc
  4579 | D:5      | Killed Blork the orc
  4643 | D:5      | Reached skill level 7 in Fighting
  4898 | D:5      | Found a staircase to the Ecumenical Temple.
  4903 | Temple   | Entered the Ecumenical Temple
  4963 | Temple   | Became a worshipper of Trog the Wrathful
  5122 | D:5      | Found a runed translucent door.
  5123 | D:5      | Noticed Crazy Yiuf
  5131 | D:5      | Killed Crazy Yiuf
  5431 | D:6      | Noticed Sigmund
  5438 | D:6      | Killed Sigmund
  5439 | D:6      | Reached skill level 5 in Dodging
  5469 | D:6      | Noticed Grinder
  5477 | D:6      | Reached XP level 9. HP: 20/94 MP: 9/9
  5484 | D:6      | HP: 2/94 [white imp/puff of frost (6)]
  5742 | D:6      | Killed Grinder
  5743 | D:6      | Reached skill level 5 in Maces & Flails
  5815 | D:6      | Reached skill level 8 in Fighting
  6057 | D:6      | Reached skill level 5 in Throwing
  6178 | D:6      | Identified the +5 trident "Qelar" {elec, Int+3}
  6318 | D:6      | Reached * piety under Trog
  6698 | D:6      | Found a transporter.
  6704 | D:6      | Found a transporter.
  6709 | D:6      | Noticed Vorhees's ghost (novice DjVM)
  6748 | D:7      | Noticed a hornet
  6766 | D:7      | Paralysed by a hornet for 3 turns
  6770 | D:7      | HP: 3/97 [hornet (15)]
  6771 | D:7      | Slain by a hornet

Illustrated notes

Levels and vault maps discovered:
D:1:      lightli_arrival_chessboard, layout_basic, minmay_statues_item
D:2:      layout_rooms, dreamdust_ecumenical_altar_angels_and_demons,
          kennysheep_donut, uniq_terence
D:3:      minmay_inner_zag, layout_basic, chequers_arboretum, dk_noncrumbling_3,
          uniq_natasha
D:4:      layout_loops_ring, uniq_edmund
D:5:      old_forge, layout_loops_ring, grunt_temple_overflow_open,
          temple_statues, uniq_blork_the_orc, uniq_crazy_yiuf_cottage,
          uniq_duvessa
D:6:      layout_cave_pools, gammafunk_ghost_gnarly_gnolls,
          nicolae_shop_i_like_small_books_too, uniq_sigmund, uniq_grinder
D:7:      layout_loops_ring, zin_purify, serial_rivers,
          chequers_serial_rivers_room_b, chequers_serial_rivers_micro_c,
          chequers_serial_rivers_room_b, chequers_serial_rivers_room_b,
          uniq_maggie
Temple:   compressed_dpeg_circular_temple

Skill      XL: |  1  2  3  4  5  6  7  8  9 |
---------------+----------------------------+-----
Maces & Flails | 2 3 4 5 |  5.4
Dodging        | 3 4 5 |  5.8
Throwing       | 1 2 3 4 5 |  5.3
Fighting       | 5 6 7 8 |  8.5
Shields        | 4 5 6 |  6.4

Action                     |  1- 3 |  4- 6 |  7- 9 || total
---------------------------+-------+-------+-------++-------
  Melee: Flail             |   104 |   150 |   235 ||   489
  Throw: Boomerang         |     9 |    12 |       ||    21
         Dart              |       |     2 |       ||     2
  Evoke: Wand              |       |       |     1 ||     1
    Use: Potion            |     3 |     2 |     7 ||    12
         Scroll            |       |       |     7 ||     7
   Stab: Sleeping          |     1 |       |       ||     1
         Invisible         |       |       |     1 ||     1
 Armour: Robe              |    39 |    39 |    94 ||   172
  Dodge: Dodged            |    52 |    50 |   141 ||   243
  Block: Kite shield       |    48 |    60 |   105 ||   213

Table legend: (Time is in decaauts)
 A = Elapsed time spent in this place.
 B = Non-inter-level travel time spent in this place.
 C = Inter-level travel time spent in this place.
 D = Time resting spent in this place.
 E = Time spent auto-exploring this place.
 F = Levels seen in this place.
 G = Mean time per level.
                   A        B        C        D        E       F      G
               +--------+--------+--------+--------+--------+-----+--------+
         Total |   6957 |   6308 |    649 |   1086 |   3861 |   8 |  869.6 |
       Dungeon |   6855 |   6277 |    578 |   1086 |   3838 |   7 |  979.3 |
        Temple |    101 |     30 |     71 |      0 |     23 |   1 |  101.0 |
               +--------+--------+--------+--------+--------+-----+--------+

Top non-repeatable levels by time:
     D:5: 2262 daAuts
     D:3: 1092 daAuts
     D:6: 1008 daAuts
     D:4: 957 daAuts
     D:1: 898 daAuts
     D:2: 602 daAuts
  Temple: 101 daAuts
     D:7: 32 daAuts
